Map: Ujari

Players

MyCow

  • Race: Protoss Protoss
  • Spawn Location: 3:00

thebigbanana

  • Race: Terran Terran
  • Spawn Location: 0:00

Morningstar

  • Race: Protoss Protoss
  • Spawn Location: 3:00

DrChud

  • Race: Protoss Protoss
  • Spawn Location: 0:00

TeHBoores

  • Race: Zerg Zerg
  • League: Diamond
  • Spawn Location: 9:00

Metasapien

  • Race: Zerg Zerg
  • League: Gold
  • Spawn Location: 9:00

VOD

Have the link to the VOD?

Description

Time

  • Played on: Sept. 1, 2017, 4 p.m.
  • Length: 20:23
Show
View Real Time Build Order
Export as new Build Order

MyCow Protoss 

Build Orders: Cannon Rush 

Get SALT Encoding   

  12  0:02  Probe (Chrono Boost)  
  13  0:12  Probe (Chrono Boost)  
  14  0:21  Pylon  
  14  0:23  Probe (Chrono Boost)  
  15  0:39  Probe (Chrono Boost)  
  15  0:42  Forge  
  16  0:50  Probe (Chrono Boost)  
  17  1:00  Probe (Chrono Boost)  
  18  1:05  Pylon  
  18  1:15  Photon Cannon  
  18  1:18  Photon Cannon  
  18  1:21  Probe (Chrono Boost)  
  19  1:34  Photon Cannon  
  19  1:43  Photon Cannon  
  19  1:49  Pylon  
  19  1:52  Probe (Chrono Boost)  
  20  1:57  Assimilator  
  20  2:02  Assimilator  
  20  2:04  Probe (Chrono Boost)  
  21  2:16  Gateway  
  21  2:17  Probe (Chrono Boost)  
  22  2:27  Probe (Chrono Boost)  
  23  2:40  Probe (Chrono Boost)  
  24  2:51  Probe (Chrono Boost)  
  25  3:00  Nexus  
  25  3:09  Cybernetics Core  
  26  3:34  Probe (Chrono Boost)  
  26  3:40  Assimilator  
  26  3:44  Probe (Chrono Boost)  
  26  3:47  Assimilator  
  27  3:55  Stargate, Probe (Chrono Boost)  
  28  3:56  Stargate  
  28  3:58  Pylon  
  28  4:05  Probe (Chrono Boost)  
  29  4:24  Probe x2 (Chrono Boost)  
  31  4:35  Probe x2 (Chrono Boost)  
  33  4:38  Oracle (Chrono Boost)  
  33  4:39  Oracle (Chrono Boost)  
  33  4:45  Probe  
  40  4:48  Probe  
  41  4:57  Probe  
  42  5:05  Probe  
  43  5:09  Probe  
  44  5:18  Probe  
  45  5:21  Probe  
  46  5:29  Stargate  
  46  5:31  Probe  
  46  5:33  Probe  
  48  5:36  Pylon  
  48  5:46  Probe  
  48  5:47  Probe  
  50  5:58  Void Ray x2 (Chrono Boost), Probe  
  50  6:00  Probe  
  60  6:11  Probe  
  61  6:13  Probe  
  62  6:23  Probe  
  62  6:25  Probe  
  68  6:34  Void Ray (Chrono Boost)  
  68  6:35  Probe  
  68  6:37  Probe  
  70  6:42  Nexus  
  70  6:45  Pylon  
  70  6:48  Pylon  
  70  6:49  Pylon  
  70  6:50  Pylon  
  70  6:51  Pylon x2  
  70  7:00  Assimilator  
  70  7:03  Void Ray (Chrono Boost), Probe x2  
  70  7:04  Assimilator  
  70  7:07  Void Ray (Chrono Boost)  
  80  7:15  Probe  
  85  7:20  Void Ray (Chrono Boost)  
  85  7:41  Void Ray (Chrono Boost)  
  89  8:03  Void Ray (Chrono Boost)  
  97  8:09  Void Ray (Chrono Boost)  
  97  8:18  Void Ray (Chrono Boost)  
  101  8:40  Void Ray (Chrono Boost)  
  105  8:43  Stargate  
  105  8:46  Stargate, Protoss Air Weapons Level 1  
  109  8:48  Pylon  
  109  8:50  Pylon  
  109  8:51  Void Ray (Chrono Boost)  
  109  8:52  Probe  
  109  8:54  Probe x2  
  109  8:55  Void Ray (Chrono Boost)  
  116  9:06  Probe  
  116  9:07  Probe  
  116  9:09  Probe  
  117  9:17  Void Ray (Chrono Boost)  
  121  9:32  Void Ray (Chrono Boost)  
  121  9:34  Void Ray (Chrono Boost)  
  129  9:53  Probe  
  129  9:54  Void Ray (Chrono Boost), Probe  
  129  9:55  Probe  
  129  9:58  Void Ray (Chrono Boost)  
  129  9:59  Void Ray (Chrono Boost)  
  140  10:01  Pylon  
  140  10:02  Pylon  
  140  10:03  Pylon, Probe  
  140  10:06  Probe  
  140  10:07  Pylon  
  142  10:10  Void Ray (Chrono Boost), Pylon  
  146  10:20  Cybernetics Core  
  150  10:25  Void Ray (Chrono Boost)  
  150  10:30  Probe  
  150  10:31  Probe x2  
  150  10:32  Void Ray (Chrono Boost)  
  161  10:41  Void Ray (Chrono Boost)  
  161  10:42  Void Ray (Chrono Boost)  
  165  10:47  Void Ray (Chrono Boost)  
  173  11:08  Void Ray (Chrono Boost)  
  173  11:09  Void Ray (Chrono Boost)  
  177  11:25  Void Ray (Chrono Boost)  
  189  11:30  Void Ray (Chrono Boost)  
  189  11:31  Void Ray (Chrono Boost)  
  189  11:50  Void Ray (Chrono Boost)  
  189  13:07  Pylon  
  185  13:25  Void Ray x2 (Chrono Boost)  
  182  13:29  Void Ray (Chrono Boost)  
  182  13:31  Void Ray x2 (Chrono Boost)  
  154  14:03  Void Ray x2 (Chrono Boost)  
  158  14:12  Void Ray (Chrono Boost)  
  158  14:14  Void Ray (Chrono Boost)  
  162  14:30  Void Ray (Chrono Boost)  
  162  14:34  Protoss Air Armor Level 1  
  162  14:40  Void Ray (Chrono Boost)  
  162  14:43  Fleet Beacon  
  166  14:50  Void Ray (Chrono Boost)  
  178  14:55  Void Ray (Chrono Boost)  
  178  14:57  Void Ray (Chrono Boost)  
  178  15:06  Nexus  
  173  15:22  Probe  
  173  15:23  Mothership Core  
  154  16:44  Protoss Air Weapons Level 2  
  154  16:46  Protoss Air Armor Level 2  
  154  16:50  Carrier (Chrono Boost)  
  154  16:51  Carrier (Chrono Boost)  
  184  17:01  Graviton Catapult  
  184  17:02  Carrier x3 (Chrono Boost)  
  184  17:07  Nexus  
  184  17:11  Pylon  
  184  17:13  Pylon  
  184  17:15  Pylon  
  184  17:32  Photon Cannon  
  184  17:35  Photon Cannon  
  184  17:37  Photon Cannon  
  184  17:42  Photon Cannon  
  184  17:45  Photon Cannon  
  184  17:52  Nexus  
  184  18:05  Carrier x2 (Chrono Boost)  
Show
View Real Time Build Order
Export as new Build Order

thebigbanana Terran 

Build Orders: MMM Bio 

Get SALT Encoding   

  12  0:01  SCV  
  13  0:13  SCV  
  14  0:25  SCV, Supply Depot  
  15  0:35  Supply Depot  
  15  0:46  SCV  
  16  0:53  Barracks  
  16  1:01  Barracks  
  16  1:07  SCV  
  17  1:21  Barracks  
  17  1:40  Orbital Command  
  17  1:42  Marine  
  18  1:57  Marine  
  18  2:00  Marine, Refinery  
  20  2:08  Marine, SCV  
  22  2:17  Marine  
  22  2:18  Marine  
  22  2:21  SCV  
  25  2:28  Supply Depot  
  25  2:34  Marine  
  25  2:35  Marine  
  27  2:46  Command Center  
  27  2:52  Marine x2  
  27  2:55  SCV  
  30  3:07  SCV  
  30  3:08  Barracks Tech Lab  
  31  3:19  SCV, Barracks  
  32  3:21  Refinery  
  32  3:31  SCV  
  32  3:32  Marine x2  
  36  3:37  Barracks Reactor  
  35  3:43  SCV  
  36  3:55  Marine x2  
  38  4:03  SCV  
  39  4:13  Marine  
  39  4:14  Marine  
  41  4:17  Engineering Bay  
  41  4:20  Barracks Reactor  
  41  4:21  SCV  
  41  4:23  Barracks Tech Lab, Supply Depot x2  
  42  4:34  Marine x2  
  42  4:36  Orbital Command  
  45  4:38  SCV  
  45  4:43  Refinery  
  45  4:50  Marauder  
  47  4:54  Stimpack  
  47  4:58  Combat Shields  
  47  5:03  SCV x2  
  49  5:13  Missile Turret  
  49  5:17  Missile Turret  
  49  5:30  Missile Turret  
  49  5:36  Missile Turret, SCV  
  49  5:37  Marine x2  
  49  5:40  Marine x2, Marauder  
  49  5:42  Marauder  
  55  6:02  Marine x2  
  56  6:06  Marine x2  
  56  6:07  Factory, Marauder x2  
  62  6:12  SCV  
  63  6:19  SCV  
  63  6:24  SCV  
  45  6:48  Marine x4, Marauder x2  
  53  6:57  Refinery  
  53  6:58  SCV x2  
  55  7:03  Starport  
  55  7:10  Missile Turret  
  55  7:12  Marauder x2  
  55  7:13  Concussive Shells  
  55  7:15  Marine x3, Factory Tech Lab  
  59  7:16  Marine  
  59  7:19  SCV x2  
  65  7:23  Terran Infantry Armor Level 1  
  65  7:29  Armory  
  65  7:35  SCV x2  
  66  7:52  Marauder x2  
  70  8:09  Marine x2  
  70  8:10  Marine x2  
  67  8:14  Marauder  
  69  8:23  Supply Depot  
  69  8:26  Starport Reactor  
  69  8:29  Barracks  
  69  8:32  Supply Depot  
  69  8:33  Supply Depot  
  69  8:43  Command Center  
  69  8:44  Marauder  
  69  8:45  Supply Depot  
  71  8:48  Marine x2  
  71  8:49  Marine x2  
  72  9:05  Medivac x2  
  72  9:09  Marauder x2  
  80  9:18  Barracks Reactor  
  80  9:21  Barracks  
  80  9:29  Marine x4  
  84  9:39  Medivac x2  
  88  9:50  Supply Depot  
  88  9:55  SCV x2  
  91  10:07  SCV x2  
  92  10:15  Planetary Fortress  
  92  10:16  Missile Turret  
  92  10:19  SCV x2  
  96  10:21  Marauder  
  96  10:22  Marauder  
  96  10:24  Medivac  
  96  10:26  Medivac  
  102  10:53  Marauder x2  
  102  10:54  Marine x6  
  112  10:57  Missile Turret  
  112  10:59  SCV  
  113  11:11  Marine  
  113  11:12  Marine x5  
  109  11:25  Command Center  
  108  11:32  Marauder  
  108  11:33  Marine x2, Marauder  
  108  11:34  Marine x4  
  112  11:42  Liberator x2  
  108  11:54  Marauder x2  
  111  12:00  SCV x2  
  119  12:04  SCV  
  119  12:05  Refinery  
  119  12:06  Refinery  
  119  12:07  Terran Infantry Weapons Level 1  
  120  12:11  Engineering Bay  
  120  12:12  SCV  
  120  12:13  SCV  
  112  12:16  Supply Depot  
  112  12:17  Supply Depot x2  
  112  12:18  Supply Depot x2  
  112  12:19  Supply Depot  
  96  12:42  Marauder x2  
  99  12:44  Marine x4  
  99  12:45  Marine x2  
  105  13:02  Marine x2  
  101  13:37  Marine x4, Marauder x2  
  102  13:47  Barracks Tech Lab  
  102  13:52  SCV  
  102  13:53  SCV  
  102  13:54  Supply Depot  
  104  14:01  Command Center  
  104  14:03  Supply Depot  
  104  14:05  Marine x3  
  104  14:08  Supply Depot  
  107  14:14  Terran Infantry Armor Level 2, Terran Infantry Weapons Level 2  
  107  14:17  Terran Vehicle And Ship Armor Level 1  
  105  14:31  Barracks Tech Lab  
  105  14:42  SCV x2  
  105  14:43  SCV  
  108  14:50  Missile Turret  
  108  14:53  Missile Turret  
  108  14:56  Marauder x2  
  108  14:57  Marauder  
  108  14:58  Marine x4  
  117  15:17  Planetary Fortress  
  115  15:24  SCV x2  
  115  15:25  SCV  
  118  15:30  Medivac  
  118  15:31  Medivac  
  122  15:36  SCV  
  122  15:37  SCV x2  
  125  15:45  Marauder x2  
  125  15:46  Marauder  
  125  15:47  Marine x2  
  125  15:48  SCV  
  90  16:21  Marine x2, Marauder x2  
  90  16:22  Marine x2, Marauder  
  100  16:28  Barracks  
  100  16:29  Barracks  
  100  16:31  SCV x2, Barracks  
  102  16:32  Refinery  
  102  16:33  Refinery  
  102  16:37  SCV x2  
  104  16:42  Marine x4  
  104  16:43  SCV  
  104  16:44  Marauder  
  111  16:53  Marauder  
  111  16:54  Marauder  
  115  17:03  Supply Depot  
  115  17:05  Marauder  
  117  17:17  Barracks Tech Lab  
  117  17:18  Barracks Tech Lab x2  
  117  17:19  Marauder x2  
  117  17:21  Marine x4  
  125  17:39  Marauder x4  
  125  17:41  Marauder  
  125  17:42  Marine  
  125  17:43  Marine x4  
  140  18:00  Marauder x2  
  140  18:01  Marauder x3  
  140  18:02  Marauder  
  105  19:26  Marauder x3  
  105  19:27  Marauder x3  
  105  19:29  Marine x4  
  113  19:46  Marine  
  113  19:47  Marauder  
  113  19:48  Marauder x5  
Show
View Real Time Build Order
Export as new Build Order

Morningstar Protoss 

Build Orders: Cannon Rush 

Get SALT Encoding   

  12  0:02  Probe (Chrono Boost)  
  13  0:20  Probe (Chrono Boost)  
  14  0:29  Pylon  
  14  0:30  Probe (Chrono Boost)  
  15  0:47  Probe (Chrono Boost)  
  16  1:07  Probe (Chrono Boost)  
  17  1:12  Forge  
  17  1:17  Probe (Chrono Boost)  
  18  1:27  Pylon  
  18  1:28  Probe (Chrono Boost)  
  19  1:38  Probe (Chrono Boost)  
  20  1:49  Probe (Chrono Boost)  
  20  1:51  Photon Cannon  
  20  1:53  Photon Cannon  
  20  1:54  Photon Cannon x2  
  21  2:10  Assimilator  
  21  2:16  Assimilator  
  21  2:20  Photon Cannon  
  21  2:25  Photon Cannon  
  21  2:54  Probe (Chrono Boost)  
  22  3:05  Probe (Chrono Boost)  
  23  3:15  Probe (Chrono Boost)  
  23  3:16  Nexus  
  24  3:28  Nexus  
  24  3:34  Probe (Chrono Boost)  
  25  3:39  Photon Cannon  
  25  3:41  Photon Cannon  
  25  4:06  Pylon  
  25  4:10  Photon Cannon x2  
  25  4:12  Photon Cannon  
  25  4:34  Gateway  
  25  4:42  Photon Cannon  
  25  4:43  Photon Cannon  
  24  5:42  Cybernetics Core  
  24  5:59  Pylon  
  24  6:00  Pylon  
  24  6:01  Pylon  
  24  6:03  Pylon  
  24  6:11  Photon Cannon  
  24  6:12  Photon Cannon  
  24  6:14  Photon Cannon  
  24  6:15  Photon Cannon  
  24  6:55  Photon Cannon  
  24  6:57  Photon Cannon  
  24  7:15  Stargate x2  
  24  7:18  Stargate  
  24  7:21  Stargate  
  24  7:25  Stargate  
  24  7:27  Stargate  
  24  7:33  Probe (Chrono Boost)  
  26  7:44  Probe (Chrono Boost)  
  26  7:54  Probe (Chrono Boost)  
  27  8:11  Void Ray  
  27  8:12  Void Ray  
  35  8:21  Void Ray  
  39  8:44  Void Ray  
  43  8:55  Void Ray  
  47  9:16  Void Ray  
  51  9:25  Assimilator  
  51  9:29  Assimilator  
  51  9:40  Void Ray  
  55  9:57  Void Ray  
  59  10:50  Void Ray x2  
  67  11:15  Void Ray  
  47  13:04  Void Ray  
  47  13:05  Void Ray x4  
  55  13:34  Void Ray  
  57  13:59  Void Ray  
  60  14:31  Void Ray  
  64  15:28  Void Ray  
  68  16:13  Void Ray  
  32  18:42  Void Ray x2  
  32  18:43  Void Ray x4  
  56  19:25  Void Ray x2  
  56  19:26  Void Ray x3  
Show
View Real Time Build Order
Export as new Build Order

DrChud Protoss 

Build Orders: Nexus First 

Get SALT Encoding   

  12  0:01  Probe (Chrono Boost)  
  13  0:11  Probe (Chrono Boost)  
  14  0:22  Probe (Chrono Boost)  
  14  0:27  Pylon  
  15  1:04  Nexus  
  15  1:10  Gateway  
  15  1:18  Probe (Chrono Boost)  
  16  1:28  Probe (Chrono Boost)  
  17  1:35  Assimilator  
  17  1:39  Probe (Chrono Boost)  
  18  1:49  Probe (Chrono Boost)  
  19  2:00  Zealot, Probe (Chrono Boost)  
  22  2:05  Cybernetics Core  
  22  2:06  Pylon  
  22  2:10  Gateway, Probe (Chrono Boost)  
  23  2:18  Probe (Chrono Boost)  
  24  2:34  Assimilator  
  24  2:35  Zealot  
  26  2:42  Warp Gate (Chrono Boost), Pylon  
  26  2:44  Probe (Chrono Boost)  
  26  2:46  Probe  
  28  2:54  Gateway  
  28  3:00  Gateway  
  28  3:04  Probe  
  29  3:11  Probe  
  30  3:16  Probe  
  31  3:21  Probe  
  31  3:22  Pylon  
  32  3:27  Zealot  
  32  3:28  Probe  
  32  3:32  Zealot  
  37  3:42  Stalker  
  37  3:48  Stalker  
  41  3:55  Pylon  
  41  4:12  Gateway x2  
  41  4:34  Stalker x4  
  41  4:36  Probe  
  41  4:38  Probe  
  51  4:47  Probe  
  51  4:50  Probe  
  53  4:58  Twilight Council  
  53  5:07  Gateway  
  53  5:08  Pylon  
  53  5:10  Pylon  
  53  5:28  Stalker x4  
  57  5:29  Stalker  
  63  5:48  Blink (Chrono Boost)  
  63  5:53  Zealot x3  
  63  5:54  Zealot  
  71  6:20  Assimilator  
  71  6:38  Stalker x2  
  71  6:39  Stalker x4  
  83  7:02  Forge  
  83  7:06  Gateway  
  83  7:08  Gateway  
  83  7:14  Pylon  
  83  7:15  Pylon  
  43  8:19  Protoss Ground Weapons Level 1 (Chrono Boost)  
  39  8:29  Assimilator  
  39  8:40  Stalker x7  
  39  8:41  Stalker x2  
  55  8:46  Probe  
  55  8:47  Probe  
  59  8:57  Probe  
  59  9:00  Probe  
  61  9:07  Stalker x3, Probe  
  61  9:08  Stalker x3  
  61  9:09  Stalker x2  
  78  9:10  Stalker  
  78  9:12  Probe  
  81  9:18  Probe  
  81  9:24  Probe  
  83  10:04  Stalker x3  
  83  10:05  Stalker x4, Protoss Ground Weapons Level 2 (Chrono Boost)  
  97  10:14  Nexus  
  97  10:32  Forge  
  97  10:51  Stalker x2  
  101  10:58  Pylon  
  101  11:00  Pylon  
  101  11:01  Pylon  
  65  11:53  Stalker  
  65  11:54  Stalker x5  
  69  11:55  Stalker x3  
  83  12:22  Stalker  
  83  12:23  Stalker x4  
  83  12:24  Stalker x2  
  97  12:53  Nexus  
  65  13:42  Stalker  
  65  13:43  Stalker x5  
  65  13:44  Stalker x3  
  40  18:46  Nexus  
  40  18:48  Pylon  
  40  19:10  Gateway  
  32  19:36  Stalker x2  
  34  20:03  Assimilator  
  34  20:14  Zealot x2  
Show
View Real Time Build Order
Export as new Build Order

TeHBoores Zerg 

Build Orders: Hatch First 

Get SALT Encoding   

  12  0:01  Drone  
  13  0:15  Overlord  
  13  0:19  Drone  
  14  0:35  Drone  
  14  0:36  Drone  
  14  0:40  Drone  
  17  0:58  Drone  
  17  1:01  Hatchery, Drone  
  18  1:07  Extractor  
  17  1:12  Drone  
  18  1:24  Spawning Pool  
  17  1:26  Drone  
  17  1:31  Drone  
  19  1:43  Overlord  
  19  1:53  Drone  
  20  2:10  Queen  
  20  2:11  Metabolic Boost  
  20  2:12  Zergling x2  
  20  2:13  Queen  
  20  2:14  Zergling x2  
  26  2:16  Drone  
  27  2:27  Drone  
  27  2:28  Drone  
  29  2:35  Drone  
  29  2:36  Overlord  
  30  2:47  Drone x2  
  30  2:49  Queen  
  34  2:56  Drone  
  34  2:58  Queen  
  37  3:11  Overlord, Drone x2  
  39  3:26  Lair  
  39  3:33  Drone x7  
  46  3:35  Extractor  
  46  3:38  Extractor  
  44  3:42  Roach Warren  
  44  3:45  Pneumatized Carapace  
  44  3:47  Drone  
  44  3:56  Overlord, Drone x2  
  46  4:07  Drone  
  46  4:08  Drone x4  
  51  4:15  Evolution Chamber, Drone x2  
  51  4:16  Evolution Chamber  
  51  4:19  Overlord  
  51  4:33  Drone  
  51  4:36  Overlord x3  
  52  4:38  Overseer  
  52  4:41  Burrow  
  52  4:42  Glial Reconstitution  
  52  4:49  Zerg Missile Weapons Level 1  
  52  4:55  Drone  
  52  4:59  Roach  
  55  5:00  Roach x4  
  63  5:12  Roach x4  
  71  5:15  Overlord  
  71  5:23  Zerg Ground Armor Level 1  
  71  5:33  Hatchery  
  70  5:39  Roach  
  70  5:40  Roach x3  
  79  5:42  Drone  
  79  5:49  Hydralisk Den  
  77  6:08  Roach  
  77  6:09  Roach x6  
  91  6:13  Overlord  
  91  6:18  Extractor  
  91  6:25  Overseer  
  89  6:47  Drone  
  89  6:48  Drone x12  
  89  6:50  Muscular Augments  
  102  6:54  Zerg Missile Weapons Level 2  
  102  6:59  Roach x20  
  102  7:06  Overlord x3  
  102  7:20  Ravager x2  
  102  7:21  Ravager  
  102  7:22  Ravager  
  95  7:42  Spore Crawler  
  84  8:17  Hydralisk  
  84  8:18  Hydralisk x11  
  106  8:24  Drone  
  106  8:25  Drone x3  
  110  8:31  Roach x10  
  110  8:37  Overlord  
  110  8:38  Overlord  
  110  8:39  Drone  
  110  8:40  Drone  
  112  8:45  Spore Crawler, Drone x2  
  113  8:51  Infestation Pit  
  112  9:15  Drone  
  112  9:16  Drone x9  
  122  9:17  Spore Crawler  
  122  9:20  Extractor  
  122  9:21  Extractor, Overlord  
  122  9:23  Drone  
  120  9:25  Lurker Den  
  120  9:31  Hydralisk  
  120  9:32  Roach  
  124  9:39  Ravager  
  124  9:41  Hydralisk  
  124  9:42  Hydralisk x2  
  131  9:51  Hydralisk  
  131  9:52  Hydralisk x2  
  137  9:58  Drone x6  
  143  10:02  Zerg Ground Armor Level 2  
  143  10:03  Hive  
  143  10:10  Hydralisk  
  143  10:12  Overlord  
  143  10:13  Overlord x2  
  145  10:21  Overlord  
  145  10:22  Overlord x2  
  145  10:31  Hydralisk x2  
  145  10:32  Hydralisk x5  
  159  10:44  Hydralisk x2  
  159  10:45  Hydralisk  
  150  11:24  Overlord x3  
  150  11:25  Overlord x2  
  137  11:26  Spire x2  
  124  11:41  Hatchery  
  124  11:42  Spore Crawler x3  
  124  11:44  Spore Crawler, Drone  
  124  11:45  Drone x7  
  128  12:13  Lurker  
  128  12:15  Lurker x2  
  115  12:41  Corruptor x2  
  119  12:46  Hydralisk x21  
  119  12:51  Roach x8  
  119  13:22  Corruptor  
  56  14:21  Hatchery  
  55  15:18  Drone  
  55  15:19  Drone x2  
  58  15:43  Drone x2  
  58  15:49  Drone  
  51  16:31  Hatchery  
  50  16:34  Corruptor x2  
  54  17:12  Drone  
  54  17:13  Drone x10  
  65  17:22  Drone  
  66  17:23  Extractor  
  66  17:25  Drone  
  66  17:32  Drone  
  67  17:39  Drone  
  68  17:50  Drone x2  
  70  17:51  Drone x2  
  70  17:52  Drone x2  
  70  17:54  Extractor  
  70  17:56  Extractor, Corruptor x2  
  76  18:03  Queen  
  78  18:11  Corruptor  
  80  18:17  Zerg Flyer Armor Level 1  
  80  18:18  Zerg Flyer Weapons Level 1  
  80  18:26  Corruptor  
  82  18:37  Drone x2  
  82  18:38  Corruptor  
  82  18:39  Corruptor  
  88  19:09  Corruptor x4  
  96  19:23  Hatchery  
  65  19:49  Corruptor  
  65  19:50  Corruptor x7  
Show
View Real Time Build Order
Export as new Build Order

Metasapien Zerg 

Build Orders: Hatch First 

Get SALT Encoding   

  12  0:01  Drone  
  13  0:10  Drone  
  14  0:24  Overlord  
  14  0:43  Drone x3  
  17  1:00  Hatchery  
  17  1:01  Drone  
  17  1:04  Extractor  
  17  1:05  Drone  
  17  1:20  Spawning Pool  
  17  1:22  Drone  
  17  1:27  Drone  
  18  1:38  Drone  
  19  1:52  Hatchery  
  18  1:57  Drone  
  19  2:06  Queen  
  21  2:12  Overlord  
  21  2:18  Drone  
  22  2:32  Roach Warren  
  22  2:34  Extractor, Drone x2  
  22  2:40  Drone  
  22  2:42  Drone  
  24  2:48  Drone  
  25  2:58  Drone x2  
  25  2:59  Drone  
  25  3:01  Overlord  
  25  3:05  Drone  
  29  3:10  Drone  
  30  3:15  Queen  
  32  3:21  Drone x2  
  34  3:31  Lair  
  34  3:33  Drone  
  34  3:34  Drone  
  36  3:35  Drone  
  37  3:41  Queen  
  37  3:45  Drone x2  
  41  3:50  Overlord  
  41  4:05  Drone x2  
  41  4:07  Extractor  
  41  4:08  Extractor  
  41  4:24  Drone x3  
  41  4:30  Hydralisk Den  
  43  4:31  Drone x2  
  43  4:33  Drone  
  46  4:40  Roach  
  46  4:41  Roach x3  
  46  4:45  Overlord x2  
  54  4:48  Overlord  
  54  4:58  Drone x3  
  57  5:08  Drone  
  57  5:09  Evolution Chamber, Drone  
  57  5:10  Drone  
  57  5:13  Evolution Chamber  
  58  5:22  Drone x5  
  58  5:24  Overlord x2  
  58  5:26  Drone x3  
  66  5:30  Extractor x2  
  66  5:31  Drone x3  
  67  5:44  Hydralisk x2  
  67  5:45  Hydralisk x4  
  79  5:50  Zerg Missile Weapons Level 1, Zerg Ground Armor Level 1  
  79  5:51  Glial Reconstitution  
  79  5:54  Muscular Augments  
  77  5:58  Hydralisk  
  77  6:00  Hydralisk  
  73  6:06  Queen  
  73  6:09  Drone x2  
  70  6:17  Overseer  
  68  6:19  Drone  
  68  6:23  Drone  
  68  6:25  Drone x3  
  73  6:36  Overlord  
  73  6:37  Overlord x2  
  73  6:41  Drone x2  
  73  6:42  Drone x2  
  73  6:44  Drone x4  
  81  6:51  Queen  
  81  6:53  Pneumatized Carapace  
  83  6:55  Burrow  
  83  7:08  Hydralisk x2  
  83  7:09  Roach x2, Hydralisk  
  93  7:19  Drone  
  93  7:20  Drone x3  
  97  7:23  Spore Crawler  
  97  7:25  Drone x2  
  97  7:26  Spore Crawler  
  97  7:38  Overlord x2  
  97  7:39  Overlord x3  
  97  7:55  Spore Crawler  
  97  7:58  Drone x3  
  97  7:59  Drone  
  100  8:14  Zerg Missile Weapons Level 2, Zerg Ground Armor Level 2  
  100  8:16  Hydralisk, Roach x2  
  100  8:17  Roach x2  
  100  8:18  Overlord x2  
  110  8:41  Infestation Pit  
  110  8:44  Drone  
  110  8:45  Drone x2  
  112  8:54  Drone x2  
  112  8:55  Hydralisk, Drone  
  115  8:56  Hydralisk x5  
  127  9:04  Hatchery  
  126  9:11  Hydralisk x4  
  134  9:43  Extractor  
  133  9:50  Ravager  
  133  9:51  Ravager x5  
  133  9:52  Ravager x2  
  142  10:11  Hatchery  
  141  10:20  Infestor x3  
  147  10:26  Hydralisk x2  
  151  10:29  Overlord x3  
  151  10:30  Overlord  
  151  10:48  Hive  
  151  10:54  Hydralisk x2  
  151  10:55  Hydralisk x2, Roach  
  151  10:56  Hydralisk x2  
  165  11:44  Overlord x5  
  165  11:45  Overlord  
  165  11:55  Spore Crawler  
  165  11:57  Spore Crawler  
  165  11:59  Spore Crawler  
  152  12:47  Drone  
  152  12:48  Drone x4  
  157  12:55  Drone  
  157  12:56  Drone x3  
  157  12:57  Drone x2  
  163  13:11  Zerg Missile Weapons Level 3  
  163  13:12  Zerg Ground Armor Level 3  
  132  13:31  Hydralisk  
  132  13:32  Hydralisk x13  
  95  13:58  Hydralisk x2  
  95  13:59  Hydralisk x6  
  95  14:00  Hydralisk x4  
  119  14:16  Hatchery  
  118  14:34  Hydralisk x2  
  118  14:35  Hydralisk x6  
  118  14:36  Hydralisk  
  136  14:41  Spire  
  135  14:45  Hydralisk  
  135  14:46  Hydralisk x3  
  135  14:47  Hydralisk  
  145  15:02  Hatchery  
  133  15:33  Hatchery  
  131  16:02  Hydralisk x5  
  131  16:03  Hydralisk x11  
  148  16:18  Hydralisk x3  
  146  16:19  Drone  
  146  16:20  Drone  
  154  16:33  Extractor  
  145  16:54  Hydralisk x3  
  145  16:55  Hydralisk x7  
  145  16:56  Hydralisk x3  
  165  17:02  Nydus Network  
  164  17:21  Overlord x2  
  164  17:22  Overlord  
  164  17:23  Spire, Overlord  
  163  17:39  Hydralisk Den, Drone x3  
  163  17:42  Queen  
  163  17:43  Drone x2  
  163  17:44  Drone  
  170  18:11  Drone x2  
  170  18:12  Drone  
  173  18:16  Hydralisk x3  
  173  18:17  Hydralisk x6  
  173  18:18  Hydralisk x4  
  173  18:19  Extractor, Hydralisk  
  200  18:24  Extractor  
  199  18:35  Overseer x2  
  199  18:36  Overseer  
  119  19:30  Hydralisk  
  119  19:31  Hydralisk x2  
  75  19:32  Corruptor x4  
  70  19:52  Hatchery  
Tags
 
Add a new tag
Caveats
  • Supply blocks, unpowered buildings, or Contaminate may cause inaccurate times.
  • Supply counts are checked every 10 seconds.